 Dungeon Crawl Stone Soup version 0.25-a0-185-g6cfeca75b2 (webtiles) character file.

Game seed: 3218296702466357884, levelgen mode: deterministic

5525 sankara the Grappler (level 10, -10/83 HPs)
             Began as a Minotaur Transmuter on Nov 27, 2019.
             Was a Believer of Okawaru.
             Splashed by a gnoll's acid (15 damage)
             ... on level 9 of the Dungeon on Nov 28, 2019.
             The game lasted 00:52:41 (12406 turns).

sankara the Grappler (Minotaur Transmuter)         Turns: 12406, Time: 00:52:41

Health: -10/83     AC:  8    Str: 22    XL:     10   Next: 43%
Magic:  20/20      EV: 12    Int: 13    God:    Okawaru [**....]
Gold:   372        SH:  0    Dex: 10    Spells: 3/11 levels left

rFire    . . .     SeeInvis .     - Unarmed
rCold    . . .     Gourm    .   (no shield)
rNeg     . . .     Faith    .   J - +3 ring mail of Gluttony {*Corrode rPois MR++ Str+3}
rPois    +         Spirit   .   (helmet restricted)
rElec    .         Reflect  .   I - +2 cloak
rCorr    .         Harm     .   (no gloves)
MR       ++...                  (boots currently unavailable)
Stlth    ..........             s - amulet of the acrobat
HPRegen  0.23/turn              p - ring of magical power {MP+9}
MPRegen  0.17/turn              F - +3 ring of strength

@: lethally poisoned (-10 -> -11), appendage, corroded
A: retaliatory headbutt, horns 2, talons 3
a: End Transformation, Heroism, Renounce Religion


You were on level 9 of the Dungeon.
You worshipped Okawaru.
Okawaru was pleased with you.
You were not hungry.
You had grown temporary talons.
You visited 2 branches of the dungeon, and saw 10 of its levels.

You collected 372 gold pieces.

Inventory:

Hand Weapons
 b - a +0 arbalest
   (You found it on level 4 of the Dungeon)
 c - a +0 hunting sling
   (You took it off a goblin on level 2 of the Dungeon)
 e - a +0 whip
   (You took it off a gnoll on level 1 of the Dungeon)
 E - a +2 dagger of venom
   (You took it off an orc on level 4 of the Dungeon)
 N - the +3 mace "Hellblazer" {holy, Str+3 Int-5, unknown}
   (You found it on level 6 of the Dungeon)

   It has been blessed by the Shining One to cause great damage to the undead
   and demons.
   It affects your strength (+3).
   It affects your intelligence (-5).
 U - a +1 spear of venom
   (You took it off a gnoll on level 7 of the Dungeon)
Missiles
 a - 92 arrows
 g - 7 poisoned darts
 q - 127 bolts
 u - 8 boomerangs (quivered)
 x - 68 sling bullets
 G - 252 stones
 M - 2 javelins
 O - 6 silver javelins
Armour
 k - a +0 scale mail
   (You found it on level 1 of the Dungeon)
 C - a +2 robe of magic resistance
   (You took it off a gnoll shaman on level 3 of the Dungeon)
 D - a +0 chain mail
   (You took it off an orc on level 4 of the Dungeon)
 I - a +2 cloak (worn)
   (You took it off Crazy Yiuf on level 5 of the Dungeon)
 J - the +3 ring mail of Gluttony (worn) {*Corrode rPois MR++ Str+3}
   (You found it on level 5 of the Dungeon)

   It affects your strength (+3).
   It protects you from poison.
   It affects your resistance to hostile enchantments.
   It may corrode you when you take damage.
 R - a scarf of resistance
   (You found it on level 7 of the Dungeon)
 S - a +0 pair of boots
   (You found it on level 7 of the Dungeon)
Jewellery
 i - an uncursed ring of flight {+Fly, !d}
   (You took it off an orc on level 3 of the Dungeon)
 m - an uncursed ring of fire {rF+, rC-}
   (You found it on level 2 of the Dungeon)
 p - a ring of magical power (left hand) {MP+9}
   (You found it on level 2 of the Dungeon)
 s - an amulet of the acrobat (around neck)
   (You found it on level 1 of the Dungeon)
 F - a +3 ring of strength (right hand)
   (You found it on level 4 of the Dungeon)
 H - an uncursed ring of fire {rF+, rC-}
   (You found it on level 5 of the Dungeon)
 X - an uncursed ring of protection from fire {rF+, !d}
   (You took it off an orc wizard on level 9 of the Dungeon)
Wands
 t - a wand of flame (23)
   (You found it on level 3 of the Dungeon)
 K - a wand of acid (17)
   (You found it on level 6 of the Dungeon)
Scrolls
 f - 4 scrolls of identify
 j - 2 scrolls of remove curse
 y - a scroll of enchant weapon {unknown}
 L - 2 scrolls of enchant armour {unknown}
 P - a scroll of magic mapping {unknown}
 Q - 3 scrolls of blinking {unknown}
 T - a scroll of holy word {unknown}
Potions
 h - a potion of brilliance
 l - a potion of agility
 n - 3 potions of flight
 o - 2 potions of mutation {unknown}
 r - 7 potions of curing
 v - 3 potions of might
 w - 3 potions of lignification {unknown}
 z - 4 potions of heal wounds
 A - 2 potions of invisibility
 B - a potion of resistance {unknown}
 V - a potion of magic {unknown}
 W - a potion of ambrosia {unknown}
Miscellaneous
 Y - a phantom mirror
Comestibles
 d - 17 rations
 Z - 4 chunks of flesh {@w0}


   Skills:
 + Level 6.0 Fighting
 - Level 3.0 Slings
 + Level 7.3 Crossbows
 + Level 7.3 Armour
 + Level 3.4 Dodging
 + Level 9.1 Unarmed Combat
 - Level 1.3 Spellcasting
 + Level 6.6 Transmutations


You had 3 spell levels left.
You knew the following spells:

 Your Spells              Type           Power        Failure   Level  Hunger
a - Beastly Appendage     Tmut           ###...       2%          1    ##.....
b - Sticks to Snakes      Tmut           ###.....     4%          2    ###....
c - Blade Hands           Tmut           ###.......   58%         5    ######.

Your spell library contained the following spells:

 Spells                   Type           Power        Failure   Level  Hunger
 Spider Form              Tmut/Pois      #.........   30%         3    ####...
 Ice Form                 Ice/Tmut       #.......     71%         4    #####..


Dungeon Overview and Level Annotations

Branches:
Dungeon (9/15)             Temple (1/1) D:7             Orc (0/2) D:9
   Lair: D:8-11

Altars:
Ashenzari
Cheibriados
Dithmenos
Elyvilon
Fedhas
Gozag
Hepliaklqana
Kikubaaqudgha
Makhleb
Nemelex Xobeh
Okawaru
Qazlal
Ru
Sif Muna
Trog
Uskayaw
Vehumet
Wu Jian
Xom
Yredelemnul
Zin
The Shining One


Innate Abilities, Weirdness & Mutations

You reflexively headbutt those who attack you in melee.
You have a pair of horns on your head.
You have claws for feet.


Message History

No target in view!
Z - 4 chunks of flesh {@w0} (gained 1)
Things that are here:
a +0 mace; a gnoll skeleton Your transformation is almost over.
You feel sick.
You feel sick.
G - 252 stones (gained 2)
You feel sick.
You are no longer poisoned.
Your talons disappear.
A killer bee comes into view.
The killer bee buzzes angrily.
A killer bee comes into view.
The killer bee buzzes angrily.
You hear a shout!
Casting: Beastly Appendage (safe; 2% risk of failure)
Confirm with . or Enter, or press ? or * to list all spells.
Your feet morph into talons.
The killer bee closely misses you. The killer bee stings you.
You are poisoned.
The killer bee poisons you!
You punch the killer bee!
The killer bee is heavily wounded.
You feel sick.
The killer bee stings you but does no damage.
The killer bee completely misses you.
You hit the killer bee but do no damage.
Your kick misses the killer bee. Your headbutt misses the killer bee.
The killer bee is heavily wounded.
You feel sick. The killer bee completely misses you.
You are too injured to fight recklessly!
You are too injured to fight recklessly!
You are too injured to fight recklessly!
You are too injured to fight recklessly!
You are too injured to fight recklessly!
You are too injured to fight recklessly!
You closely miss the killer bee.
The killer bee is heavily wounded.
The killer bee misses you. You furiously retaliate!
You headbutt the killer bee.
The killer bee stings you but does no damage.
You miss the killer bee. Your kick misses the killer bee.
You headbutt the killer bee!
You kill the killer bee!
Okawaru accepts your kill.
You feel sick. The killer bee closely misses you.
You hit the killer bee but do no damage.
Your punch misses the killer bee. The killer bee completely misses you.
A gnoll comes into view.
It is wielding a +0 trident and carrying a wand of acid (8).
The killer bee closely misses you. You furiously retaliate!
You headbutt the killer bee! You miss the killer bee.
Your kick misses the killer bee. Your punch misses the killer bee.
The killer bee is heavily wounded.
You feel sick. The killer bee stings you.
You miss the killer bee. Your headbutt misses the killer bee.
The killer bee is heavily wounded.
The killer bee closely misses you. The killer bee stings you.
You closely miss the killer bee. Your kick misses the killer bee.
The killer bee is heavily wounded.
You feel sick. The killer bee barely misses you. x2
Your ring mail of Gluttony prevents you from hitting the killer bee.
Your kick misses the killer bee.
The killer bee is heavily wounded.
The killer bee stings you.
You completely miss the killer bee. Your kick misses the killer bee.
The killer bee is heavily wounded.
You feel sick. The killer bee stings you. The killer bee barely misses you.
You punch the killer bee!
You kill the killer bee!
Okawaru accepts your kill.
Your Fighting skill increases to level 6!
The gnoll zaps a wand.
The bolt of acid hits you! The acid corrodes you!
You are splashed with acid!
The gnoll barely misses you.
You feel sick. The gnoll hits you but does no damage.
You hit the gnoll but do no damage. You claw the gnoll, but do no damage.
You headbutt the gnoll, but do no damage.
You hit the gnoll but do no damage.
You headbutt the gnoll, but do no damage.
The gnoll closely misses you.
You hit the gnoll but do no damage. You claw the gnoll, but do no damage.
You feel sick. The gnoll hits you with a +0 trident!
* * * LOW HITPOINT WARNING * * *
You punch the gnoll! Your kick misses the gnoll.
You headbutt the gnoll, but do no damage.
The gnoll is severely wounded.
The gnoll misses you.
You hit the gnoll but do no damage. You claw the gnoll, but do no damage.
The gnoll is severely wounded.
You hit the gnoll but do no damage. Your kick misses the gnoll.
The gnoll is severely wounded.
The gnoll barely misses you. You furiously retaliate!
You headbutt the gnoll, but do no damage.
You barely miss the gnoll. Your headbutt misses the gnoll.
The gnoll is severely wounded.
You feel sick.
The gnoll zaps a wand.
The bolt of acid hits you!
* * * LOW HITPOINT WARNING * * *
The acid corrodes you!
You are splashed with acid!
You die...

........#.#.#.#....##...#..
##.....##.#.#.###...##...#..
......###.#.#.##...##...#..
...#..#.#.#.#...##...#..
...###.#.#.##...##......
....#.#.#.#†....##......
..)..###.###....##..##..
......####......##..##..
......g@........##..##..
........##..##..##..##..
........##..##..##..##..
........##..##..##..##..
........##..##......##..
............##......##..
............##..##..##..
........#..†..))##......
........#..####)##......


You could see a gnoll.

Vanquished Creatures
  2 two-headed ogres
  A hippogriff (D:7)
  Menkaure (D:7)
  Duvessa (D:7)
  A sky beast (D:7)
  2 black bears (D:8)
  5 phantoms
  A necrophage (D:9)
  An orc warrior (D:9)
  2 ogres
  A centaur (D:5)
  A big kobold (D:7)
  5 bullfrogs
  A gnoll sergeant (D:7)
  A wyvern zombie (D:8)
  Dowan (D:7)
  3 scorpions
  17 killer bees
  2 howler monkeys
  A centaur zombie (D:9)
  A crimson imp (D:9)
  3 jellies
  5 hounds
  4 orc wizards
  3 orc priests
  Crazy Yiuf (D:5)
  A bullfrog skeleton (D:5)
  A gnoll shaman (D:3)
  2 iguanas
  6 worker ants
  A killer bee zombie (D:7)
  A worker ant zombie (D:8)
  2 hound skeletons
  2 howler monkey zombies
  A howler monkey skeleton (D:6)
  14 gnolls
  11 adders
  2 shadow imps (D:7)
  2 oozes
  2 adder zombies (D:7)
  3 worms
  7 leopard geckos
  41 orcs
  5 giant cockroaches
  10 goblins
  5 hobgoblins
  5 jackals
  3 quokkas
  A ball python (D:3)
  10 bats
  2 frilled lizards
  A jackal skeleton (D:5)
  13 kobolds
  A quokka skeleton (D:5)
  A quokka zombie (D:5)
  5 rats
228 creatures vanquished.

Vanquished Creatures (collateral kills)
  A leopard gecko (D:8)
1 creature vanquished.

Grand Total: 229 creatures vanquished

Notes
Turn   | Place    | Note
-------+----------+-------------------------------------------
     0 | D:1      | sankara the Minotaur Transmuter began the quest for the
                  | Orb.
     0 | D:1      | Reached XP level 1. HP: 16/16 MP: 1/1
    39 | D:1      | Reached XP level 2. HP: 14/23 MP: 0/3
    50 | D:1      | Learned a level 2 spell: Sticks to Snakes
   494 | D:1      | Reached skill level 2 in Transmutations
   886 | D:1      | Reached XP level 3. HP: 28/28 MP: 2/4
  1138 | D:2      | Found a glowing golden altar of the Shining One.
  1214 | D:2      | Reached skill level 1 in Armour
  1214 | D:2      | Reached skill level 3 in Dodging
  1301 | D:2      | Reached skill level 4 in Unarmed Combat
  1637 | D:3      | Reached XP level 4. HP: 35/35 MP: 5/5
  1662 | D:3      | Found a stormy altar of Qazlal.
  1842 | D:3      | Reached skill level 1 in Slings
  1842 | D:3      | Reached skill level 2 in Armour
  1845 | D:3      | Reached XP level 5. HP: 21/40 MP: 6/6
  2901 | D:4      | Noticed an ogre
  2902 | D:4      | Reached skill level 2 in Slings
  2902 | D:4      | Reached skill level 3 in Transmutations
  3012 | D:4      | Reached skill level 3 in Armour
  3012 | D:4      | Reached XP level 6. HP: 46/47 MP: 7/7
  3437 | D:4      | HP: 11/47 [poisoned by an orc]
  3445 | D:4      | HP: 11/47 [poisoned by an orc]
  3720 | D:4      | Reached skill level 5 in Unarmed Combat
  3724 | D:4      | HP: 8/47 [orc priest/+0 morningstar (11)]
  3761 | D:4      | HP: 8/47 [worker ant (6)]
  3766 | D:4      | HP: 4/47 [poisoned by a worker ant]
  3771 | D:4      | HP: 3/47 [poisoned by a worker ant]
  3776 | D:4      | HP: 2/47 [poisoned by a worker ant]
  3784 | D:4      | HP: 1/47 [poisoned by a worker ant]
  4239 | D:4      | Found a burning altar of Makhleb.
  4326 | D:4      | Reached skill level 3 in Slings
  4326 | D:4      | Reached XP level 7. HP: 37/52 MP: 8/8
  4853 | D:4      | Reached skill level 1 in Crossbows
  4853 | D:4      | Reached skill level 4 in Armour
  5189 | D:4      | Found a hide-covered altar of Uskayaw.
  5249 | D:5      | Entered Level 5 of the Dungeon
  5318 | D:5      | Found a runed translucent door.
  5319 | D:5      | Noticed Crazy Yiuf
  5502 | D:5      | Got a polished ring mail
  5545 | D:4      | Identified the +3 ring mail of Gluttony {*Corrode rPois
                  | MR++ Str+3} (You found it on level 5 of the Dungeon)
  5551 | D:4      | Learned a level 5 spell: Blade Hands
  5783 | D:5      | Reached skill level 2 in Crossbows
  5837 | D:5      | Reached skill level 4 in Transmutations
  6038 | D:5      | Reached skill level 5 in Armour
  6038 | D:5      | Reached skill level 6 in Unarmed Combat
  6328 | D:5      | Reached XP level 8. HP: 44/59 MP: 9/9
  6643 | D:5      | Reached skill level 3 in Crossbows
  6792 | D:5      | Killed Crazy Yiuf
  6894 | D:6      | You fall into a shaft and drop 1 floor!
  6961 | D:6      | Found a shimmering altar of Xom.
  6974 | D:6      | Found a shimmering altar of Xom.
  6978 | D:6      | Found a shimmering altar of Xom.
  6978 | D:6      | Found a shimmering altar of Xom.
  6982 | D:6      | Found a shimmering altar of Xom.
  7180 | D:6      | Found a sacrificial altar of Ru.
  7183 | D:6      | Found a white marble altar of Elyvilon.
  7183 | D:6      | Found a basalt altar of Yredelemnul.
  7183 | D:6      | Noticed a two-headed ogre
  7199 | D:6      | Killed a two-headed ogre
  7199 | D:6      | Reached skill level 3 in Fighting
  7199 | D:6      | Reached skill level 4 in Crossbows
  7199 | D:6      | Reached skill level 6 in Armour
  7199 | D:6      | Reached skill level 7 in Unarmed Combat
  7199 | D:6      | Reached skill level 5 in Transmutations
  7558 | D:6      | Got a brightly glowing mace
  7939 | D:7      | Noticed a hippogriff
  7947 | D:7      | Killed a hippogriff
  7947 | D:7      | Reached XP level 9. HP: 70/70 MP: 10/10
  7965 | D:7      | Found a blossoming altar of Fedhas.
  7973 | D:7      | Found a staircase to the Ecumenical Temple.
  7991 | Temple   | Entered the Ecumenical Temple
  8058 | Temple   | Became a worshipper of Warmaster Okawaru
  8176 | D:7      | Found a snail-covered altar of Cheibriados.
  8253 | D:7      | Noticed Menkaure
  8259 | D:7      | Killed Menkaure
  8261 | D:7      | Reached skill level 4 in Fighting
  8469 | D:7      | Reached skill level 5 in Crossbows
  8837 | D:7      | Reached skill level 7 in Armour
  9007 | D:7      | Found a bloodstained altar of Trog.
  9325 | D:7      | Noticed Duvessa
  9336 | D:7      | Noticed Dowan
  9339 | D:7      | Killed Duvessa
  9345 | D:7      | Killed Dowan
  9668 | D:8      | Noticed a two-headed ogre
  9680 | D:8      | Killed a two-headed ogre
  9680 | D:8      | Reached * piety under Okawaru
  9680 | D:8      | Reached skill level 5 in Fighting
  9680 | D:8      | Reached skill level 6 in Crossbows
  9680 | D:8      | Reached skill level 8 in Unarmed Combat
  9918 | D:8      | Reached skill level 6 in Transmutations
 10325 | D:8      | Reached XP level 10. HP: 74/81 MP: 11/11
 11163 | D:9      | Found a staircase to the Orcish Mines.
 11712 | D:9      | Reached skill level 7 in Crossbows
 11796 | D:9      | Reached ** piety under Okawaru
 12039 | D:9      | Reached skill level 9 in Unarmed Combat
 12397 | D:9      | Reached skill level 6 in Fighting
 12402 | D:9      | HP: 17/83 [gnoll/+0 trident (8)]
 12406 | D:9      | HP: 5/83 [gnoll/bolt of acid (12)]
 12406 | D:9      | Splashed by a gnoll's acid

Levels and vault maps discovered:
D:1:      dpeg_arrival_simpleton_b, layout_loops_ring
D:2:      layout_basic, lemuel_crystal_altar, first_ration
D:3:      layout_rooms, grunt_qazlal_sundering
D:4:      layout_gridville, marbit_many_paths, lemuel_coloured_pillars_altar
D:5:      layout_layer_cave, uniq_crazy_yiuf_cottage
D:6:      layout_loops_ring, xom_redecorated, grunt_temple_overflow_open
D:7:      layout_basic, kennysheep_little_box, fedhas_altar_1,
          cheibrodos_worm_habitat, minmay_temple_entry_trees,
          serial_corexii_hall, chequers_hall_statues_y, chequers_hall_statues_y,
          uniq_menkaure, uniq_duvessa
D:8:      layout_cave_pools
D:9:      layout_long_grid, david_orc_2, david_nohive_1, onia_ninara_cookie
Temple:   nicolae_temple_hex_pool

Skill      XL: |  1  2  3  4  5  6  7  8  9 10 |
---------------+-------------------------------+-----
Transmutations | 2 3 4 5 6 |  6.6
Armour         | 1 2 3 5 6 7 |  7.3
Dodging        | 3 |  3.4
Unarmed Combat | 4 5 6 7 8 9 |  9.1
Slings         | 1 2 3 |  3.0
Crossbows      | 2 4 6 7 |  7.3
Fighting       | 3 5 6 |  6.0
Spellcasting   | |  1.3

Action                   |  1- 3 |  4- 6 |  7- 9 | 10-12 || total
-------------------------+-------+-------+-------+-------++-------
Melee: Unarmed           |    96 |   121 |   221 |   148 ||   586
       Headbutt          |    13 |    23 |    29 |    18 ||    83
       Kick              |     8 |    22 |    44 |    32 ||   106
       Punch             |     1 |     1 |     4 |     6 ||    12
 Fire: Hunting sling     |     3 |    92 |   180 |    62 ||   337
       Arbalest          |       |     2 |     9 |     1 ||    12
Throw: Stone             |       |       |     5 |       ||     5
       Boomerang         |       |       |       |     2 ||     2
 Cast: Beastly Appendage |    15 |    24 |    44 |    21 ||   104
       Sticks to Snakes  |       |     1 |    11 |       ||    12
  Use: Scroll            |     3 |       |     7 |       ||    10
       Potion            |       |       |     1 |       ||     1
 Stab: Distracted        |       |       |     1 |       ||     1
  Eat: Chunk             |     3 |     8 |    19 |     7 ||    37
       Ration            |       |       |     1 |       ||     1
Armor: Robe              |    10 |     9 |    63 |    22 ||   104
       Scale mail        |    24 |    37 |       |       ||    61
       Ring mail         |       |       |       |    30 ||    30
Dodge: Dodged            |    61 |    81 |   143 |   138 ||   423

Table legend:
 A = Non-vault XP
 B = Vault XP
 C = Vault XP percentage of total XP
 D = Non-vault monster count
 E = Vault monster count
 F = Vault count percentage of total count
                 A         B        C        D         E       F
            +---------+---------+-------+---------+---------+-------
      Total |    6649 |    1244 |  15.8 |     205 |      24 |  10.5
            +---------+---------+-------+---------+---------+-------
        D:1 |      47 |       0 |   0.0 |      20 |       0 |   0.0
        D:2 |      60 |       0 |   0.0 |      19 |       0 |   0.0
        D:3 |     251 |       0 |   0.0 |      35 |       0 |   0.0
        D:4 |     544 |       1 |   0.2 |      23 |       1 |   4.2
        D:5 |     602 |      40 |   6.2 |      19 |       1 |   5.0
        D:6 |    1206 |       0 |   0.0 |      11 |       0 |   0.0
        D:7 |    1037 |     371 |  26.3 |      32 |       4 |  11.1
        D:8 |    1646 |       0 |   0.0 |      18 |       0 |   0.0
        D:9 |    1256 |     832 |  39.8 |      28 |      18 |  39.1
            +---------+---------+-------+---------+---------+-------

Levels and vault maps discovered:
D:1:      dpeg_arrival_simpleton_b, layout_loops_ring
D:2:      layout_basic, lemuel_crystal_altar, first_ration
D:3:      layout_rooms, grunt_qazlal_sundering
D:4:      layout_gridville, marbit_many_paths, lemuel_coloured_pillars_altar
D:5:      layout_layer_cave, uniq_crazy_yiuf_cottage
D:6:      layout_loops_ring, xom_redecorated, grunt_temple_overflow_open
D:7:      layout_basic, kennysheep_little_box, fedhas_altar_1,
          cheibrodos_worm_habitat, minmay_temple_entry_trees,
          serial_corexii_hall, chequers_hall_statues_y, chequers_hall_statues_y,
          uniq_menkaure, uniq_duvessa
D:8:      layout_cave_pools
D:9:      layout_long_grid, david_orc_2, david_nohive_1, onia_ninara_cookie
Temple:   nicolae_temple_hex_pool

Table legend:
 A = Turns spent in this place as a percentage of turns spent in the entire game.
 B = Non-inter-level travel turns spent in this place as a percentage of non-inter-level travel turns spent in the entire game.
 C = Inter-level travel turns spent in this place as a percentage of turns spent in this place.
 D = Turns resting spent in this place as a percentage of non-inter-level travel turns spent in this place.
 E = Turns spent auto-exploring this place as a percentage of non-inter-level travel turns spent in this place.
 F = Non-inter-level travel turns spent in this place divided by the number of levels of this place that you've seen.
                   A       B       C       D       E      F
               +-------+-------+-------+-------+-------+----------------------
         Total | 100.0 | 100.0 |   3.4 |  36.0 |  42.5 | 1198.2
       Dungeon |  99.3 |  99.3 |   3.4 |  36.2 |  42.4 | 1322.3
        Temple |   0.7 |   0.7 |   0.0 |   0.0 |  63.0 |  81.0
               +-------+-------+-------+-------+-------+----------------------

Table legend:
 A = Kills in this place as a percentage of kills in entire the game.
 B = Kills by you in this place as a percentage of kills by you in the entire game.
 C = Kills by friends in this place as a percentage of kills by friends in the entire game.
 D = Other kills in this place as a percentage of other kills in the entire game.
 E = Experience gained in this place as a percentage of experience gained in the entire game.
 F = Experience gained in this place divided by the number of levels of this place that you have seen.
                   A       B       C       D       E      F
               +-------+-------+-------+-------+-------+----------------------
         Total | 100.0 | 100.0 | 100.0 |   N/A | 100.0 | 789.3
       Dungeon | 100.0 | 100.0 | 100.0 |   N/A | 100.0 | 877.0
               +-------+-------+-------+-------+-------+----------------------
